 Dungeon Crawl Stone Soup version 0.28-a0-1555-g9ae15a6949 (webtiles) character file.

Game seed: 5882107514999077113

18 hashsling the Vexing (level 2, -2/16 HPs)
             Began as a Deep Elf Arcane Marksman on Jan 18, 2022.
             Slain by a quokka (3 damage)
             ... on level 1 of the Dungeon.
             The game lasted 00:02:21 (536 turns).

hashsling the Vexing (Deep Elf Arcane Marksman)      Turns: 536, Time: 00:02:23

Health: -2/16      AC:  2    Str:  7    XL:     2   Next: 48%
Magic:  7/7        EV: 12    Int: 17    God:
Gold:   22         SH:  0    Dex: 15    Spells: 4/5 levels left

rFire   . . .      SeeInvis .   a - +0 shortbow
rCold   . . .      Faith    .   (shield currently unavailable)
rNeg    . . .      Spirit   .   d - +0 robe
rPois   .          Reflect  .   (no helmet)
rElec   .          Harm     .   (no cloak)
rCorr   .          Rampage  .   (no gloves)
Will    .....                   (no boots)
Stlth   +.........              f - amulet of the acrobat
HPRegen 0.05/turn               (no ring)
MPRegen 0.10/turn               (no ring)

@: no status effects
A: no striking features
a: no special abilities


You were on level 1 of the Dungeon.
You visited 1 branch of the dungeon, and saw 1 of its levels.

You collected 22 gold pieces.

Inventory:

Hand Weapons
 a - a +0 shortbow (weapon)
 b - a +0 dagger
Missiles
 c - 6 arrows (quivered ammo)
Armour
 d - a +0 robe (worn)
Jewellery
 f - an amulet of the acrobat (around neck)
Scrolls
 e - a scroll of brand weapon {unknown}
Potions
 g - 2 potions of curing {unknown}
 h - 3 potions of ambrosia {unknown}


   Skills:
 - Level 0.7 Fighting
 * Level 3.5 Bows
 - Level 2.4 Dodging
 + Level 2.1 Spellcasting
 + Level 4.3 Hexes


You had 4 spell levels left.
You knew the following spells:

 Your Spells              Type           Power      Damage    Failure   Level
a - Slow                  Hex            64%        N/A       3%          1

Your spell library contained the following spells:

 Spells                   Type           Power      Damage    Failure   Level
 Inner Flame              Hex/Fire       9%         N/A       24%         3
 Portal Projectile        Hex/Tloc       18%        N/A       24%         3
 Cause Fear               Hex            8%         N/A       32%         4


Dungeon Overview and Level Annotations

Branches:
Dungeon (1/15)

Altars:


Message History

The quokka misses you. The quokka barely misses you.
Fire: 12 arrows
Press: ? - help, Q - select action, (/) - cycle Shift-Dir - straight line, f - quokka
Aim: a quokka (48% to hit)
You shoot an arrow. The arrow hits the quokka.
The quokka is moderately wounded.
The quokka bites you.
Fire: 11 arrows
Press: ? - help, Q - select action, (/) - cycle Shift-Dir - straight line, f - bat, p - quokka
Aim: a bat (44% to hit)
You shoot an arrow. The arrow hits the quokka.
The quokka is severely wounded.
The quokka bites you.
* * * LOW HITPOINT WARNING * * *
Fire: 10 arrows
Press: ? - help, Q - select action, (/) - cycle Shift-Dir - straight line, f - quokka
Aim: a quokka (severely wounded, 48% to hit)
You shoot an arrow.
The arrow hits the quokka but does no damage.
The quokka is severely wounded.
The quokka closely misses you. The quokka barely misses you.
Fire: 9 arrows
Press: ? - help, Q - select action, (/) - cycle Shift-Dir - straight line, f/p - quokka
Aim: a quokka (severely wounded, 48% to hit)
You shoot an arrow.
The arrow hits the quokka but does no damage.
The quokka is severely wounded.
The quokka bites you.
* * * LOW HITPOINT WARNING * * *
Fire: 8 arrows
Press: ? - help, Q - select action, (/) - cycle Shift-Dir - straight line, f/p - quokka
Aim: a quokka (severely wounded, 48% to hit)
You shoot an arrow. The arrow completely misses the quokka.
The quokka bites you but does no damage.
Fire: 7 arrows
Press: ? - help, Q - select action, (/) - cycle Shift-Dir - straight line, f/p - quokka
Aim: a quokka (severely wounded, 48% to hit)
You shoot an arrow. The arrow barely misses the quokka.
The quokka misses you. The quokka bites you.
You die...

#........###...#.# #....
#.#......#.......# #....
#.......##.#...#.# #....
###........#.....# ###....
#......###.#...# #......
#......# #.#...# #.....#
#.....## #.#...###..รท..#
#.....####.....)......##
######.@..............# .
######r####.#.........#
....#.....b............)..#
#.........####.#####.....)#
#####...#.# #.# ####.####
#...(..... ..# #........
#.##..##.####. #........ #.
.... .. . #........ # ..#.#
### .# #........


You could see a quokka and a bat.

Vanquished Creatures
  2 ball pythons (D:1)
  A bat (D:1)
  2 endoplasms (D:1)
  3 goblins (D:1)
  3 hobgoblins (D:1)
  3 frilled lizards (D:1)
  A kobold (D:1)
  2 rats (D:1)
17 creatures vanquished.

Notes
Turn   | Place    | Note
-------+----------+-------------------------------------------
     0 | D:1      | hashsling the Deep Elf Arcane Marksman began the quest for
                  | the Orb.
     0 | D:1      | Reached XP level 1. HP: 11/11 MP: 5/5
   138 | D:1      | Reached XP level 2. HP: 16/16 MP: 7/7
   536 | D:1      | Slain by a quokka

Illustrated notes

Levels and vault maps discovered:
D:1:      dpeg_arrival_concentric_ovals, layout_basic

Skill      XL: |  1 |
---------------+----+-----
Bows           | 3 |  3.5
Spellcasting   | 2 |  2.1
Fighting       | |  0.7
Dodging        | |  2.4
Hexes          | |  4.3

Action                   || total
-------------------------++-------
Melee: Dagger            ||    25
 Fire: Shortbow          ||    36
Armor: Robe              ||    12
Dodge: Dodged            ||    35

Table legend: (Time is in decaauts)
 A = Elapsed time spent in this place.
 B = Non-inter-level travel time spent in this place.
 C = Inter-level travel time spent in this place.
 D = Time resting spent in this place.
 E = Time spent auto-exploring this place.
 F = Levels seen in this place.
 G = Mean time per level.
                   A        B        C        D        E       F      G
               +--------+--------+--------+--------+--------+-----+--------+
         Total |    536 |    536 |      0 |      0 |    406 |   1 |  536.0 |
       Dungeon |    536 |    536 |      0 |      0 |    406 |   1 |  536.0 |
               +--------+--------+--------+--------+--------+-----+--------+

Top non-repeatable levels by time:
     D:1: 536 daAuts
